 Dungeon Crawl Stone Soup version 0.29.1-13-g9f3cf754e1 (webtiles) character file.

Game seed: 12815243200925231797

1029 leafyfresh the Covert (level 8, -7/67 HPs)
             Began as a Gnoll Delver on Feb 3, 2023.
             Mangled by Maggie
             ... wielding a +0 scimitar
              (12 damage)
             ... on level 6 of the Dungeon.
             The game lasted 00:14:58 (7133 turns).

leafyfresh the Covert (Gnoll Delver)                Turns: 7133, Time: 00:14:58

Health: -7/67      AC:  6    Str: 11    XL:     8   Next: 23%
Magic:  12/12      EV: 14    Int:  9    God:
Gold:   251        SH:  5    Dex: 17    Spells: 9/13 levels left

rFire   . . .      SeeInvis .   k - +1 rapier (vamp)
rCold   . . .      Faith    .   (no shield)
rNeg    + . .      Spirit   .   b - +0 leather armour
rPois   .          Reflect  +   (no helmet)
rElec   .          Harm     .   h - scarf {+Inv}
rCorr   .          Rampage  .   I - +1 pair of gloves
Will    .....                   G - +0 pair of boots
Stlth   +++.......              u - amulet of reflection
HPRegen 0.21/turn               w - ring of positive energy
MPRegen 0.13/turn               (no ring)

@: silenced, hasted, very quick
A: fangs 1, strong nose, distributed training
a: Evoke Invisibility


You were on level 6 of the Dungeon.
You visited 1 branch of the dungeon, and saw 6 of its levels.

You collected 391 gold pieces.
You spent 140 gold pieces at shops.

Inventory:

Hand Weapons
 k - a +1 vampiric rapier (weapon)
Missiles
 y - 6 curare-tipped darts (quivered)
Armour
 b - a +0 leather armour (worn)
 h - a scarf of invisibility (worn)
 G - a +0 pair of boots (worn)
 I - a +1 pair of gloves (worn)
Jewellery
 u - an amulet of reflection (around neck)
 w - a ring of positive energy (left hand)
Wands
 g - a wand of digging (3)
 F - a wand of flame (8)
Scrolls
 c - a scroll of fog
 d - 3 scrolls of magic mapping
 e - 2 scrolls of fear
 m - a scroll of poison
 s - a scroll of immolation
 t - a scroll of amnesia
 E - a scroll of vulnerability
 H - a scroll of teleportation
Potions
 f - a potion of haste
 i - a potion of lignification {unknown}
 l - a potion of flight {unknown}
 o - a potion of attraction {unknown}
 p - 2 potions of might {unknown}
 q - 2 potions of curing
 z - 2 potions of degeneration {unknown}
 A - a potion of magic {unknown}
 B - 4 potions of berserk rage
 C - a potion of heal wounds {unknown}
 D - 2 potions of brilliance {unknown}


   Skills:
 + Level 7.3 Fighting
 + Level 3.2 Short Blades
 + Level 3.2 Long Blades
 + Level 3.2 Axes
 + Level 3.2 Maces & Flails
 + Level 5.6 Polearms
 + Level 3.2 Staves
 + Level 3.2 Ranged Weapons
 + Level 3.2 Throwing
 + Level 3.2 Armour
 + Level 5.6 Dodging
 + Level 10.1 Stealth
 + Level 3.2 Shields
 + Level 3.2 Unarmed Combat
 + Level 3.2 Spellcasting
 + Level 2.6 Conjurations
 + Level 2.6 Hexes
 + Level 2.6 Summonings
 + Level 2.6 Necromancy
 + Level 2.6 Translocations
 + Level 2.6 Transmutations
 + Level 2.6 Fire Magic
 + Level 2.6 Ice Magic
 + Level 2.6 Air Magic
 + Level 2.6 Earth Magic
 + Level 2.6 Poison Magic
 + Level 3.5 Invocations
 + Level 3.2 Evocations


You had 9 spell levels left.
You knew the following spells:

 Your Spells              Type           Power      Damage    Failure   Level
a - Passwall              Tmut/Erth      5%         N/A       19%         2
b - Wereblood             Tmut           6%         N/A       19%         2

Your spell library contained the following spells:

 Spells                   Type           Power      Damage    Failure   Level
 Sandblast                Erth           12%        2d6       13%         1
 Sublimation of Blood     Necr           6%         N/A       19%         2
 Portal Projectile        Hex/Tloc       12%        N/A       36%         3
 Stone Arrow              Conj/Erth      12%        3d7       36%         3
 Tukima's Dance           Hex            6%         N/A       36%         3
 Blade Hands              Tmut           3%         N/A       98%         5
 Summon Hydra             Summ           3%         N/A       100%        7


Dungeon Overview and Level Annotations

Branches:
Dungeon (6/15)
 Temple: D:4-7

Altars:
Kikubaaqudgha
Ru
Sif Muna
Uskayaw
Vehumet

Shops:
D:1 *   D:4 :

Annotations:
D:5 Dowan, Duvessa, Menkaure
D:6 Maggie


Innate Abilities, Weirdness & Mutations

You have very sharp teeth.
Your uncanny sense of smell can sniff out nearby items.
Your experience applies equally to all skills.


Message History

The quokka bites you. Maggie hits you with a +0 scimitar.
You hit Maggie. You punch Maggie. You bite Maggie, but do no damage.
Maggie is moderately wounded.
The quokka misses you. Maggie hits you with a +0 scimitar.
You hit Maggie.
You feel better.
Maggie is moderately wounded.
The quokka closely misses you. Maggie hits you with a +0 scimitar.
The quokka closely misses you.
You hit Maggie but do no damage.
Maggie is moderately wounded.
Maggie hits you with a +0 scimitar. You block the quokka's attack.
You hit Maggie but do no damage.
Maggie is moderately wounded.
The quokka barely misses you. Maggie hits you with a +0 scimitar.
* * * LOW HITPOINT WARNING * * *
You completely miss Maggie.
Maggie is lightly wounded.
The quokka bites you.
* * * LOW HITPOINT WARNING * * *
You block Maggie's attack.
You hit Maggie. You punch Maggie.
Maggie is moderately wounded.
The quokka barely misses you. Maggie hits you with a +0 scimitar.
* * * LOW HITPOINT WARNING * * *
The quokka bites you.
* * * LOW HITPOINT WARNING * * *
You hit Maggie. Your bite misses Maggie.
Maggie is moderately wounded.
Maggie misses you.
The quokka bites you but does no damage.
You barely miss Maggie. You bite Maggie.
Maggie is moderately wounded.
The quokka twitches its whiskers.
The quokka closely misses you. Maggie hits you with a +0 scimitar!
* * * LOW HITPOINT WARNING * * *
Unknown command.
You feel yourself speed up.
The quokka bites you but does no damage.
Maggie hits you with a +0 scimitar!
You die...

#....#..####.##
####....##
#....###.#..##
##.##...##
##..#..##.##÷###.#....##
### #...÷..##.#.###.#
#...###..#.## #.#
#.#...####### ##.######
##.###..# #........ ∆
#.# ##.# #....#... #.
#@## #...##.## . #r@#
##..##.## ## #r##
#......## ∆ r# ##..#####
.# #..##### .# #.<.....
.. #.###### ∆ .# #.# #.#


You could see Maggie, a river rat and 2 quokkas.

Vanquished Creatures
  A sky beast (D:6)
  An ice beast (D:6)
  A black bear (D:4)
  An ogre (D:4)
  2 phantoms (D:6)
  2 scorpions
  2 hounds
  An orc priest (D:6)
  An iguana (D:6)
  Natasha (thrice) (D:4)
  An orc wizard (D:6)
  7 river rats (D:6)
  3 adders
  An ufetubus (D:6)
  2 worms
  3 dart slugs
  6 orcs
  4 endoplasms
  2 giant cockroaches
  6 goblins
  10 hobgoblins
  7 quokkas
  9 ball pythons
  5 bats
  5 frilled lizards
  5 kobolds
  18 rats
109 creatures vanquished.

Vanquished Creatures (others)
  A bat (D:1)
1 creature vanquished.

Grand Total: 110 creatures vanquished

Notes
Turn   | Place    | Note
-------+----------+-------------------------------------------
     0 | D:5      | Reached skill level 9 in Stealth
     0 | D:5      | leafyfresh the Gnoll Delver began the quest for the Orb.
     0 | D:5      | Reached XP level 1. HP: 23/23 MP: 1/1
     6 | D:5      | Noticed a hound
    74 | D:5      | Noticed a jelly
   100 | D:5      | Noticed Menkaure
   151 | D:5      | Noticed an ice beast
   157 | D:5      | Noticed an ogre
   178 | D:5      | Noticed a gnoll bouda
   404 | D:3      | Found an ancient bone altar of Kikubaaqudgha.
   439 | D:3      | Reached XP level 2. HP: 25/29 MP: 2/2
   990 | D:1      | Found a faded altar of an unknown god.
  1015 | D:1      | Reached XP level 3. HP: 34/35 MP: 3/3
  1324 | D:1      | Reached skill level 1 in Invocations
  1517 | D:1      | Found Ziasm's Assorted Antiques.
  1521 | D:1      | Bought a coral ring for 140 gold pieces
  1631 | D:1      | Reached skill level 1 in Short Blades
  1631 | D:1      | Reached skill level 1 in Long Blades
  1631 | D:1      | Reached skill level 1 in Axes
  1631 | D:1      | Reached skill level 1 in Maces & Flails
  1631 | D:1      | Reached skill level 1 in Staves
  1631 | D:1      | Reached skill level 1 in Ranged Weapons
  1631 | D:1      | Reached skill level 1 in Throwing
  1631 | D:1      | Reached skill level 1 in Armour
  1631 | D:1      | Reached skill level 1 in Shields
  1631 | D:1      | Reached skill level 1 in Unarmed Combat
  1631 | D:1      | Reached skill level 1 in Spellcasting
  1631 | D:1      | Reached skill level 1 in Evocations
  2161 | D:2      | Reached XP level 4. HP: 41/41 MP: 5/5
  2798 | D:3      | Reached skill level 1 in Conjurations
  2798 | D:3      | Reached skill level 1 in Hexes
  2798 | D:3      | Reached skill level 1 in Summonings
  2798 | D:3      | Reached skill level 1 in Necromancy
  2798 | D:3      | Reached skill level 1 in Translocations
  2798 | D:3      | Reached skill level 1 in Transmutations
  2798 | D:3      | Reached skill level 1 in Fire Magic
  2798 | D:3      | Reached skill level 1 in Ice Magic
  2798 | D:3      | Reached skill level 1 in Air Magic
  2798 | D:3      | Reached skill level 1 in Earth Magic
  2798 | D:3      | Reached skill level 1 in Poison Magic
  3251 | D:4      | Found Ycaloff's Book Shoppe.
  3350 | D:4      | Noticed a black bear
  3370 | D:4      | HP: 2/41 [black bear (5)]
  3371 | D:4      | Killed a black bear
  3372 | D:4      | Reached XP level 5. HP: 3/47 MP: 5/7
  4170 | D:4      | Reached XP level 6. HP: 8/53 MP: 8/8
  4514 | D:4      | Reached skill level 5 in Polearms
  4514 | D:4      | Reached skill level 5 in Dodging
  4685 | D:4      | Noticed Natasha
  4686 | D:4      | Found a radiant altar of Vehumet.
  4697 | D:4      | Killed Natasha
  5223 | D:4      | Noticed Natasha
  5232 | D:4      | Killed Natasha
  5560 | D:4      | Noticed Natasha
  5578 | D:4      | Killed Natasha
  5829 | D:5      | Noticed an ice beast
  5865 | D:4      | Learned a level 2 spell: Passwall
  5868 | D:4      | Learned a level 2 spell: Wereblood
  5869 | D:5      | Noticed Duvessa
  5869 | D:5      | Noticed Dowan
  5930 | D:5      | Reached XP level 7. HP: 60/60 MP: 10/10
  6256 | D:6      | Reached skill level 10 in Stealth
  6589 | D:6      | Found a hide-covered altar of Uskayaw.
  6596 | D:6      | Found a shimmering blue altar of Sif Muna.
  6599 | D:6      | Found a sacrificial altar of Ru.
  6654 | D:6      | Reached XP level 8. HP: 67/67 MP: 12/12
  7109 | D:6      | Noticed Maggie
  7133 | D:6      | Mangled by Maggie

Illustrated notes

Levels and vault maps discovered:
D:1:      eino_arrival_water_star, layout_basic, serial_shops, shop,
          shapermc_ecumenical_altar_mp_ritualfount, roderic_lattice_a,
          minmay_tromino_i2
D:2:      minmay_alternating_diamond, layout_basic
D:3:      layout_basic, nicolae_kikubaaqudgha_miasma_corner
D:4:      layout_loops_corners, nicolae_vehumet_radiance, serial_shops,
          nicolae_shop_hallway_plus, uniq_natasha
D:5:      layout_cave_pools, gammafunk_temple_overflow_pools, uniq_menkaure,
          uniq_duvessa
D:6:      lemuel_ratsnest, layout_loops_corners,
          minmay_overflow_temple_star_quad,
          hangedman_abyss_or_decor_lesser_grid, uniq_maggie

Skill      XL: |  1  2  3  4  5  6  7 |
---------------+----------------------+-----
Stealth        | 10 | 10.1
Invocations    | 1 2 3 |  3.5
Short Blades   | 1 2 3 |  3.2
Long Blades    | 1 2 3 |  3.2
Axes           | 1 2 3 |  3.2
Maces & Flails | 1 2 3 |  3.2
Staves         | 1 2 3 |  3.2
Ranged Weapons | 1 2 3 |  3.2
Throwing       | 1 2 3 |  3.2
Armour         | 1 2 3 |  3.2
Shields        | 1 2 3 |  3.2
Unarmed Combat | 1 2 3 |  3.2
Spellcasting   | 1 2 3 |  3.2
Evocations     | 1 2 3 |  3.2
Conjurations   | 1 2 |  2.6
Hexes          | 1 2 |  2.6
Summonings     | 1 2 |  2.6
Necromancy     | 1 2 |  2.6
Translocations | 1 2 |  2.6
Transmutations | 1 2 |  2.6
Fire Magic     | 1 2 |  2.6
Ice Magic      | 1 2 |  2.6
Air Magic      | 1 2 |  2.6
Earth Magic    | 1 2 |  2.6
Poison Magic   | 1 2 |  2.6
Polearms       | 5 |  5.6
Dodging        | 5 |  5.6
Fighting       | 7 |  7.3

Action                   |  1- 3 |  4- 6 |  7- 9 || total
-------------------------+-------+-------+-------++-------
Melee: Spear             |    15 |       |       ||    15
       Rapier            |   105 |   109 |   188 ||   402
       Bite              |    14 |    10 |    20 ||    44
       Punch             |     1 |     1 |     4 ||     6
 Cast: Wereblood         |       |       |     2 ||     2
  Use: Potion            |       |     3 |     1 ||     4
       Scroll            |       |    12 |     1 ||    13
 Stab: Sleeping          |    12 |    16 |     3 ||    31
Armor: Leather armour    |    23 |    16 |    49 ||    88
Dodge: Dodged            |   110 |    48 |   123 ||   281
Block: Other             |     3 |    19 |    46 ||    68
